AoeStats
← ska_18

Arabia

508251712Analyzed
3v3 RM · 10d ago on Sep 21, 2026· 25m 41s· 6 players
Game mode
Random Map
Map size
Normal (6 player)
Population
200
Speed
Normal
Resources
Standard
Victory
Conquest
Starting age
Dark Age
Ending age
Imperial Age
RankedLock teamsTeams togetherTeam positionsShared explorationLock speedFull tech treeHidden civsTurbo modeCheats
Victory
Defeat
🇿🇦 Japanese · South Africa
956
+16
🇺🇸 Byzantines · United States
939
+16
🇮🇪 Bulgarians · Ireland
863
+19
🇪🇸 Huns · Spain
965
-18
🇺🇦 Teutons · Ukraine
964
-18
🇦🇹 Saracens · Austria
897
-15
patatitoRTILLA
12:00 Feudal Age
13:59 Forging
14:08 Scale Barding Armor
13:54 Loom
15:00 Fletching
centurion19
0:38 Loom
12:36 Feudal Age
13:36 Double-Bit Axe
13:36 Horse Collar
17:11 Man-at-Arms
ska_18
Hermes Trismegistus
12:49 Feudal Age
22:12 Loom
23:17 Scale Mail Armor
23:28 Forging
23:23 Scale Barding Armor
25:47 Castle Age
25:04 Gold Mining
25:01 Double-Bit Axe
Taytay1
7:55 Loom
10:32 Feudal Age
17:29 Castle Age
20:41 Double-Bit Axe
Y-Bru
3:38 Loom
10:55 Feudal Age
11:07 Man-at-Arms
13:25 Double-Bit Axe
13:23 Horse Collar
15:28 Arson
17:27 Scale Mail Armor
17:39 Forging
20:38 Gold Mining
25:04 Castle Age
Connection lost

Rejoining the realm…

Still unreachable

The connection could not be restored.

Session expired

The server has moved on; the page needs a fresh start.